 Seeded DCSS version 0.29-a0-887-gcbe080d7e0 (webtiles) character file.

Game seed: 570102490474017323 (custom seed)

1520 wilfster70 the Sneak (level 8, -3/38 (40) HPs)
             Began as a Spriggan Enchanter on July 21, 2022.
             Slain by a wight
             ... wielding a +3 great sword of freezing
              (4 damage)
             ... on level 6 of the Dungeon.
             The game lasted 00:16:19 (8098 turns).

wilfster70 the Sneak (Spriggan Enchanter)           Turns: 8098, Time: 00:16:20

HP:   -3/38 (40)    AC:  5    Str:  4    XL:     8   Next: 54%
MP:   16/18         EV: 17    Int: 18    God:
Gold: 345           SH:  0    Dex: 16    Spells: 14/19 levels left

rFire   . . .      SeeInvis +   a - +4 dagger (venom)
rCold   . . .      Faith    .   (no shield)
rNeg    . . .      Spirit   .   j - +0 robe
rPois   .          Reflect  .   (helmet restricted)
rElec   .          Harm     .   l - +2 cloak
rCorr   .          Rampage  .   (gloves unavailable)
Will    +....                   (boots unavailable)
Stlth   ++++......              k - amulet of magic regeneration
HPRegen 0.12/turn               i - +4 ring of slaying
MPRegen 0.56/turn               (no ring)

@: confusing by touch, studying Unarmed Combat, drained, very quick
A: very small, no large weapons, unfitting armour, see invisible, speed 3
a: no special abilities


You were on level 6 of the Dungeon.
You visited 1 branch of the dungeon, and saw 6 of its levels.

You collected 345 gold pieces.

Inventory:

Hand Weapons
 a - a +4 dagger of venom (weapon)
 b - a +0 sling of chaos
Armour
 j - a +0 robe (worn)
 l - a +2 cloak (worn)
Jewellery
 i - a +4 ring of slaying (left hand)
 k - an amulet of magic regeneration (around neck)
Wands
 d - a wand of flame (11)
Scrolls
 g - 2 scrolls of teleportation
 t - 2 scrolls of butterflies
Potions
 c - 2 potions of invisibility
 e - a potion of mutation {unknown}
 f - 6 potions of lignification
 h - a potion of berserk rage {unknown}
 m - a potion of ambrosia
 n - a potion of brilliance {unknown}
 p - a potion of magic


   Skills:
 + Level 3.2 Fighting
 + Level 4.5 Short Blades
 - Level 2.6 Dodging
 + Level 7.9 Stealth
 - Level 6.0 Spellcasting
 - Level 6.0 Hexes
 - Level 4.0 Ice Magic


You had 14 spell levels left.
You knew the following spells:

 Your Spells              Type           Power      Damage    Failure   Level
a - Ensorcelled Hibernat  Hex/Ice        46%        N/A       2%          2
b - Confusing Touch       Hex            27%        N/A       3%          3

Your spell library contained the following spells:

 Spells                   Type           Power      Damage    Failure   Level
 Tukima's Dance           Hex            27%        N/A       3%          3
 Dazzling Flash           Conj/Hex       32%        N/A       11%         3
 Apportation              Tloc           10%        N/A       12%         1
 Necrotise                Necr           20%        1d5       12%         1
 Summon Small Mammal      Summ           20%        N/A       12%         1
 Passwall                 Tmut/Erth      4%         N/A       19%         2
 Swiftness                Air            5%         N/A       34%         3


Dungeon Overview and Level Annotations

Branches:
Dungeon (6/15)
 Temple: D:4-7

Altars:
Trog
Wu Jian


Innate Abilities, Weirdness & Mutations

You are very small and have problems with some larger weapons.
You are too small for most types of armour.
You have supernaturally acute eyesight. (SInv)
You cover ground extremely quickly. (Speed+++)


Message History

You hit the wight.
The wight is lightly damaged.
The wight hits you with a +0 vorpal battleaxe.
You feel drained.
You hit the wight. Your punch misses the wight.
The wight is moderately damaged.
The wight closely misses you.
You barely miss the wight.
The wight is moderately damaged.
The wight closely misses you.
You hit the wight.
The wight is moderately damaged.
You hit the wight.
The wight is heavily damaged.
The wight barely misses you.
You hit the wight.
The wight is almost destroyed.
The wight misses you.
You hit the wight.
The wight is almost destroyed.
The wight closely misses you. The wight misses you.
You closely miss the wight.
The wight is almost destroyed.
You puncture the wight!
You destroy the wight!
The wight closely misses you.
Your life force feels restored.
Casting: Confusing Touch (dangerous; 3% risk of failure)
Confirm with . or Enter, or press ? or * to list all spells.
Your hands begin to glow red.
The wight barely misses you.
Your magical contamination has completely faded away.
The wight misses you.
You hit the wight but do no damage.
The wight is heavily damaged.
The wight hits you with a +3 great sword of freezing!
* * * LOW HITPOINT WARNING * * *
You feel drained.
* * * LOW HITPOINT WARNING * * *
The wight freezes you.
You die...

#.........##...##.....
##..##....##...§.z...)
#####....##...##.))##
#......+.z§##.).##
#......#...#.....#
##....##...#.....# ##
#.....##...#.....#
##..#.z........#....##
#....@)........###+###
#...########...# ##
#.. #.... #. #. .....
#. # ##...# ## #...#


You could see a wight.

Vanquished Creatures
  An orc warrior (D:6)
  2 ogres
  5 centaurs
  2 necrophages
  A scorpion (D:4)
  2 wights (D:6)
  2 hounds
  Crazy Yiuf (D:2)
  An orc priest (D:6)
  3 jellies
  Jessica (D:2)
  2 iguanas
  Natasha (thrice) (D:2)
  2 orc wizards (D:6)
  8 adders
  An ufetubus (D:5)
  2 dart slugs
  7 orcs
  7 ball pythons
  5 endoplasms
  2 giant cockroaches
  11 goblins
  15 hobgoblins
  5 jackals (D:2)
  4 quokkas
  A bat (D:3)
  4 frilled lizards
  4 kobolds
  11 rats
115 creatures vanquished.

Vanquished Creatures (others)
  2 fungi (D:2)
  14 plants (D:2)
16 creatures vanquished.

Grand Total: 131 creatures vanquished

Notes
Turn   | Place    | Note
-------+----------+-------------------------------------------
     0 | D:1      | wilfster70 the Spriggan Enchanter began the quest for the
                  | Orb.
     0 | D:1      | Reached XP level 1. HP: 9/9 MP: 5/5
   279 | D:1      | Reached XP level 2. HP: 13/13 MP: 7/7
   288 | D:1      | Learned a level 2 spell: Ensorcelled Hibernation
   964 | D:2      | Reached XP level 3. HP: 6/16 MP: 1/8
  1158 | D:2      | Identified the +8 long sword "Roataonn" {freeze, Drain
                  | rElec Str+4 Int+4}
  1232 | D:2      | Noticed Jessica
  1239 | D:2      | Killed Jessica
  1360 | D:2      | Noticed Natasha
  1411 | D:2      | Killed Natasha
  1412 | D:2      | Reached skill level 5 in Hexes
  1412 | D:2      | Reached skill level 1 in Ice Magic
  1412 | D:2      | Reached XP level 4. HP: 10/21 MP: 0/10
  1721 | D:2      | Found a faded altar of an unknown god.
  2099 | D:2      | Found a runed translucent door.
  2100 | D:2      | Noticed Crazy Yiuf
  2107 | D:2      | Killed Crazy Yiuf
  2277 | D:2      | Noticed Natasha
  2528 | D:2      | Killed Natasha
  2529 | D:2      | Reached XP level 5. HP: 24/24 MP: 9/12
  2747 | D:2      | Found a faded altar of an unknown god.
  3062 | D:2      | Noticed Natasha
  3565 | D:2      | Found a faded altar of an unknown god.
  3882 | D:2      | Killed Natasha
  4159 | D:3      | You fall into a shaft and drop 2 floors!
  4159 | D:5      | Entered Level 5 of the Dungeon
  4259 | D:5      | Learned a level 3 spell: Confusing Touch
  4329 | D:5      | Noticed an ogre
  4478 | D:5      | Killed an ogre
  4479 | D:5      | Reached XP level 6. HP: 28/28 MP: 3/14
  4597 | D:5      | Reached skill level 5 in Spellcasting
  5989 | D:3      | Found an ornate altar of the Wu Jian Council.
  5989 | D:3      | Found a bloodstained altar of Trog.
  6364 | D:4      | Reached XP level 7. HP: 32/32 MP: 16/16
  6488 | D:4      | Reached skill level 1 in Fighting
  6488 | D:4      | Reached skill level 5 in Stealth
  7065 | D:5      | Reached skill level 6 in Stealth
  7347 | D:5      | Reached XP level 8. HP: 33/39 MP: 15/18
  7664 | D:6      | Reached skill level 7 in Stealth
  8098 | D:6      | HP: 1/38 [wight/+3 great sword of freezing (6)]
  8098 | D:6      | Slain by a wight

Illustrated notes

Levels and vault maps discovered:
D:1:      roderic_octagonal_star, layout_loops_ring, minmay_misc_feat_plants
D:2:      minmay_inner_zag, layout_basic,
          shapermc_ecumenical_altar_mp_ritualfount, uniq_crazy_yiuf_cottage,
          uniq_jessica, uniq_natasha
D:3:      kennysheep_the_goblin_king, layout_basic, minitemple
D:4:      layout_loops_cross, minmay_manual_mares
D:5:      layout_basic, grunt_tough_drop
D:6:      layout_gridville, ebering_ghost_sewer_d

Skill      XL: |  1  2  3  4  5  6  7  8 |
---------------+-------------------------+-----
Hexes          | 4 5 6 |  6.0
Spellcasting   | 3 4 5 6 |  6.0
Ice Magic      | 1 2 3 4 |  4.0
Fighting       | 2 3 |  3.2
Short Blades   | 3 4 |  4.5
Stealth        | 6 7 |  7.9
Dodging        | |  2.6

Action                   |  1- 3 |  4- 6 |  7- 9 || total
-------------------------+-------+-------+-------++-------
Melee: Dagger            |    49 |    84 |    63 ||   196
 Fire: Sling             |     4 |       |       ||     4
 Cast: Ensorcelled Hiber |    15 |    55 |    32 ||   102
       Confusing Touch   |       |       |     3 ||     3
  Use: Scroll            |       |     9 |     6 ||    15
       Potion            |       |     1 |       ||     1
 Stab: Sleeping          |    22 |    36 |    23 ||    81
       Distracted        |       |     1 |     1 ||     2
       Confused          |       |       |     1 ||     1
Armor: Robe              |     3 |    11 |     4 ||    18
Dodge: Dodged            |    24 |    41 |    63 ||   128

Table legend: (Time is in decaauts)
 A = Elapsed time spent in this place.
 B = Non-inter-level travel time spent in this place.
 C = Inter-level travel time spent in this place.
 D = Time resting spent in this place.
 E = Time spent auto-exploring this place.
 F = Levels seen in this place.
 G = Mean time per level.
                   A        B        C        D        E       F      G
               +--------+--------+--------+--------+--------+-----+--------+
         Total |   5988 |   5878 |    110 |   2185 |   2255 |   6 |  998.0 |
       Dungeon |   5988 |   5878 |    110 |   2185 |   2255 |   6 |  998.0 |
               +--------+--------+--------+--------+--------+-----+--------+

Top non-repeatable levels by time:
     D:2: 1883 daAuts
     D:3: 1196 daAuts
     D:1: 1025 daAuts
     D:5: 885 daAuts
     D:4: 756 daAuts
     D:6: 241 daAuts
